 Dungeon Crawl Stone Soup version 0.30-a0-374-g95c0257040 (webtiles) character file.

Game seed: 4092664088155633519

14 Lobster4 the Caller (level 2, 0/22 HPs)
             Began as a Hill Orc Summoner on Nov 26, 2022.
             Succumbed to an adder's poison
             ... on level 2 of the Dungeon.
             The game lasted 00:02:52 (823 turns).

Lobster4 the Caller (Hill Orc Summoner)              Turns: 823, Time: 00:02:53

Health: 0/22       AC:  2    Str: 10    XL:     2   Next: 41%
Magic:  3/4        EV: 12    Int: 15    God:
Gold:   39         SH:  0    Dex: 11    Spells: 1/4 levels left

rFire   . . .      SeeInvis .    g - +1 mace (vorpal)
rCold   . . .      Faith    .    (no shield)
rNeg    . . .      Spirit   .    a - +0 robe
rPois   .          Reflect  .    (no helmet)
rElec   .          Harm     .    (no cloak)
rCorr   .          Rampage  .    (no gloves)
Will    .....                    (no boots)
Stlth   ++........               (no amulet)
HPRegen 0.23/turn                (no ring)
MPRegen 0.09/turn                (no ring)

@: lethally poisoned (0 -> -1), hasted, invisible, very quick
A: no striking features
a: no special abilities


You were on level 2 of the Dungeon.
You visited 1 branch of the dungeon, and saw 2 of its levels.

You collected 39 gold pieces.

Inventory:

Hand Weapons
 g - a +1 vorpal mace (weapon)
 h - a +0 hand axe
Armour
 a - a +0 robe (worn)
 c - a +0 leather armour
Scrolls
 d - a scroll of silence {unknown}
 e - a scroll of blinking {unknown}
 f - a scroll of identify {unknown}
Potions
 b - a potion of magic


   Skills:
 + Level 0.4 Fighting
 + Level 0.3 Maces & Flails
 + Level 0.5 Armour
 + Level 1.7 Dodging
 + Level 1.8 Stealth
 + Level 1.6 Spellcasting
 + Level 4.1 Summonings


You had one spell level left.
You knew the following spells:

 Your Spells              Type           Power      Damage    Failure   Level
a - Summon Small Mammal   Summ           52%        N/A       4%          1
b - Call Imp              Summ           13%        N/A       6%          2

Your spell library contained the following spells:

 Spells                   Type           Power      Damage    Failure   Level
 Call Canine Familiar     Summ           13%        N/A       13%         3
 Summon Guardian Golem    Hex/Summ       7%         N/A       30%         3
 Summon Lightning Spire   Summ/Air       7%         N/A       69%         4


Dungeon Overview and Level Annotations

Branches:
Dungeon (2/15)

Altars:

Shops:
D:1 [


Message History

The adder hisses angrily.
Unknown command.
You barely miss the adder.
You feel sick. The kobold closely misses you.
The frilled lizard barely misses you. The adder misses you.
You miss the adder.
You feel sick. The adder bites you.
You are more poisoned.
The adder poisons you!
The kobold hits you with a +0 short sword.
The frilled lizard misses you. The adder bites you.
The frilled lizard closely misses you.
The kobold hits you with a +0 short sword.
* * * LOW HITPOINT WARNING * * *
It was a potion of haste.
You feel yourself speed up.
* * * LOW HITPOINT WARNING * * *
You feel sick. The adder bites you but does no damage.
The kobold closely misses you.
The frilled lizard bites you but does no damage.
It was a potion of invisibility.
You fade into invisibility!
* * * LOW HITPOINT WARNING * * *
You feel sick. The adder misses you. The frilled lizard closely misses you.
The kobold misses you.
* * * LOW HITPOINT WARNING * * *
You feel sick. The adder bites your bat.
Your bat is poisoned.
The adder poisons your bat!
Your bat closely misses the adder.
Your bat barely misses the adder.
The adder bites your bat but does no damage.
The frilled lizard bites your bat.
Your bat dies!
Your bat's corpse disappears in a puff of smoke!
* * * LOW HITPOINT WARNING * * *
You feel sick.
* * * LOW HITPOINT WARNING * * *
You feel sick.
* * * LOW HITPOINT WARNING * * *
You feel sick.
Okay, then.
Okay, then.
You die...

##########
#........#
#.######.#
#.##...#.###
##<..<.......
#..@.†....###
#..######.#
#.........#
#.###K###.#
#.###.###.#
#....K....#
#####S#####
#....l...#
#....###....


There were no monsters in sight!

Vanquished Creatures
  A worm (D:2)
  An endoplasm (D:1)
  A giant cockroach (D:1)
  A bat (D:1)
  2 frilled lizards (D:1)
6 creatures vanquished.

Vanquished Creatures (collateral kills)
  2 hobgoblins (D:1)
  A bat (D:1)
  3 rats (D:1)
6 creatures vanquished.

Grand Total: 12 creatures vanquished

Notes
Turn   | Place    | Note
-------+----------+-------------------------------------------
     0 | D:1      | Lobster4 the Hill Orc Summoner began the quest for the Orb.
     0 | D:1      | Reached XP level 1. HP: 14/14 MP: 3/3
   391 | D:1      | Reached XP level 2. HP: 20/20 MP: 1/4
   496 | D:1      | Found Moidohui's Armour Boutique.
   548 | D:1      | Learned a level 2 spell: Call Imp
   820 | D:2      | HP: 1/22 [poisoned by an adder]
   823 | D:2      | Succumbed to an adder's poison

Illustrated notes

Levels and vault maps discovered:
D:1:      lightli_arrival_maybe_door_vault, layout_basic, serial_shops, shop,
          minivault_11, minmay_misc_feat_roman, serial_bayou_ford_a,
          corexii_item_surrounded_by_moat
D:2:      layout_loops_corners, dilly_ecumenical_altar_fadedgnrine, st_stairs_11

Action                   || total
-------------------------++-------
Melee: Mace              ||    19
       Unarmed           ||     3
 Cast: Summon Small Mamm ||    18
  Use: Potion            ||     2
 Stab: Sleeping          ||     1
Armor: Robe              ||     5
Dodge: Dodged            ||    28

Table legend: (Time is in decaauts)
 A = Elapsed time spent in this place.
 B = Non-inter-level travel time spent in this place.
 C = Inter-level travel time spent in this place.
 D = Time resting spent in this place.
 E = Time spent auto-exploring this place.
 F = Levels seen in this place.
 G = Mean time per level.
                   A        B        C        D        E       F      G
               +--------+--------+--------+--------+--------+-----+--------+
         Total |    834 |    819 |     15 |     46 |    629 |   2 |  417.0 |
       Dungeon |    834 |    819 |     15 |     46 |    629 |   2 |  417.0 |
               +--------+--------+--------+--------+--------+-----+--------+

Top non-repeatable levels by time:
     D:1: 755 daAuts
     D:2: 78 daAuts
